 Dungeon Crawl Stone Soup version 0.32-a0-18-g89e19f1974 (webtiles) character file.

Game seed: 710435169456168319

31385 Neol the Black Belt (level 13, -2/95 (98) HPs)
             Began as a Merfolk Shapeshifter on Jan 16, 2024.
             Was the Champion of Jiyva.
             Slain by a spectral spriggan berserker (12 damage)
             ... called from beyond by a ghost crab
             ... on level 2 of the Swamp.
             The game lasted 01:00:56 (8825 turns).

Neol the Black Belt (Merfolk Shapeshifter)          Turns: 8825, Time: 01:00:58

HP:   -2/95 (98)    AC:  6    Str: 22    XL:     13   Next: 57%
MP:   13/13         EV: 35    Int: 10    God:    Jiyva [******]
Gold: 454           SH:  0    Dex: 24    Spells: 12/12 levels left

rFire   . . .        h - melded +4 halberd (freeze)
rCold   . . .        (shield currently unavailable)
rNeg    . . .        a - melded +0 animal skin
rPois   +            (no helmet)
rElec   .            (no cloak)
rCorr   +            (no gloves)
SInv    .            (boots currently unavailable)
Will    .....        e - amulet of regeneration
Stlth   ++           q - +6 ring of dexterity
HPRegen 2.75/turn    j - ring of poison resistance
MPRegen 0.93/turn

%: no passive effects
@: flux-form, glowing, lightly drained, very quick
A: glow, contaminating, nimble swimmer 2, mertail, iridescent scales 3, agile 1,
clever 1, strong 2, pseudopods 2, tendrils
a: Begin Untransformation, Renounce Religion, Oozemancy, Slimify


You were on level 2 of the Swamp.
You worshipped Jiyva.
Jiyva was exalted by your worship.
You were something dangerously unstable.
You visited 4 branches of the dungeon, and saw 13 of its levels.

You collected 454 gold pieces.

Inventory:

Hand Weapons
 h - a +4 halberd of freezing (melded)
Missiles
 i - 68 stones (quivered)
 t - 3 poisoned darts
Armour
 a - a +0 animal skin (melded)
 B - a +2 helmet
 C - a +2 pair of boots of flying
Jewellery
 e - an amulet of regeneration (around neck)
 j - a ring of poison resistance (right hand)
 q - a +6 ring of dexterity (left hand)
 A - a ring of poison resistance
Talismans
 c - a beast talisman
 d - a flux talisman (active)
Wands
 o - a wand of roots (16)
 w - a wand of paralysis (7)
 y - a wand of mindburst (5)
 D - a wand of quicksilver (8)
 I - a wand of digging (5)
 J - a wand of flame (6)
Scrolls
 g - 3 scrolls of identify
 l - 4 scrolls of amnesia {unknown}
 n - 4 scrolls of enchant armour {unknown}
 r - a scroll of enchant weapon {unknown}
 s - 2 scrolls of fog {unknown}
 v - 2 scrolls of revelation {unknown}
 x - a scroll of silence {unknown}
 G - a scroll of teleportation {unknown}
 H - a scroll of vulnerability {unknown}
Potions
 b - 3 potions of lignification
 f - a potion of cancellation
 k - a potion of invisibility {unknown}
 m - a potion of haste {unknown}
 p - 2 potions of enlightenment {unknown}
 u - a potion of heal wounds {unknown}
 z - 2 potions of curing {unknown}
 E - a potion of mutation {unknown}
 F - a potion of brilliance {unknown}


   Skills:
 + Level 7.7 Fighting
 + Level 6.2 Short Blades
 + Level 0.5(1.1) Axes
 + Level 2.4(2.6) Polearms
 + Level 0.5 Throwing
 + Level 14.2 Dodging
 + Level 4.2 Stealth
 + Level 16.4 Unarmed Combat
 + Level 12.0 Shapeshifting


You had 12 spell levels left.
You didn't know any spells.
Your spell library contained the following spells:

 Spells                   Type           Power      Damage    Failure   Level
 Slow                     Hex            0%         N/A       36%         1
 Cigotuvi's Dreadful Rot  Necr/Alch/Air  0%         N/A       50%         2
 Confusing Touch          Hex            0%         N/A       75%         3
 Sigil of Binding         Hex            0%         N/A       75%         3
 Vampiric Draining        Necr           0%         2d6       75%         3
 Dispel Undead            Necr           0%         3d6       98%         4
 Martyr's Knell           Necr/Summ      0%         N/A       98%         4
 Olgreb's Toxic Radiance  Alch           0%         N/A       98%         4
 Death Channel            Necr           0%         N/A       100%        6
 Ozocubu's Refrigeration  Ice            0%         4d7       100%        7
 Discord                  Hex            0%         N/A       100%        8
 Chain Lightning          Conj/Air       0%         N/A       100%        9
 Fire Storm               Conj/Fire      0%         5d1       100%        9
 Shatter                  Erth           0%         3d5*      100%        9


Dungeon Overview and Level Annotations

Branches:
Dungeon (8/15)             Temple (1/1) D:5            Lair (2/5) D:8
  Swamp (2/4) Lair:2
  Snake: Lair:2-3    Spider: Lair:2-3

Altars:
Ashenzari
Cheibriados
Fedhas
Gozag
Makhleb
Nemelex Xobeh
Qazlal
Ru
Trog
Uskayaw
Wu Jian
Yredelemnul
Zin
The Shining One
Jiyva

Shops:
D:6 ?


Innate Abilities, Weirdness & Mutations

You are something dangerously unstable.
You glow with magical radiation, making you easy to see and hit.
Foes you strike become dangerously contaminated with magical radiation.
You are incapable of wielding weapons or throwing items.
You are very nimble when in or above water. (Stealth+, EV+, Speed+++)
Your lower body shifts to a powerful aquatic tail in water.
You are completely covered in iridescent scales. (AC +6)
You are agile. (Dex +4, Str/Int -1)
Your mind is acute. (Int +4, Str/Dex -1)
Your muscles are very strong. (Str +8, Int/Dex -2)
Armour fits poorly on your large pseudopods.
You are covered in slimy tendrils that may disarm your opponents.


Message History

You hit the spectral death drake but do no damage.
The spectral death drake shudders as magic cascades through it!
You bludgeon the spectral death drake.
The spectral death drake is almost destroyed.
You are engulfed in spectral mist.
The spectral fenstrider witch misses you.
The spectral fenstrider witch closely misses you.
The spectral spriggan air mage misses you.
The spectral death drake completely misses you.
The spectral spriggan berserker misses you.
You hit the spectral death drake.
The spectral death drake begins to glow.
You bludgeon the spectral death drake.
You destroy the spectral death drake!
The spectral death drake fades away!
You are engulfed in spectral mist.
The spectral fenstrider witch hits you!
The spectral fenstrider witch misses you.
The ghost crab breathes spectral mist at you.
The spectral mist engulfs you.
The spectral spriggan air mage completely misses you.
You punch the spectral spriggan air mage!
The spectral spriggan air mage begins to glow.
The spectral spriggan air mage is lightly damaged.
You are engulfed in spectral mist.
The spectral fenstrider witch hits you!
* * * LOW HITPOINT WARNING * * *
The spectral fenstrider witch completely misses you.
The spectral spriggan berserker completely misses you.
You hit the spectral spriggan air mage.
The spectral spriggan air mage glows dangerously bright.
You tail-slap the spectral spriggan air mage.
Your bludgeon misses the spectral spriggan air mage.
The spectral spriggan air mage is moderately damaged.
You are engulfed in spectral mist.
* * * LOW HITPOINT WARNING * * *
The spectral fenstrider witch hits you.
* * * LOW HITPOINT WARNING * * *
The spectral fenstrider witch completely misses you.
The spectral spriggan air mage completely misses you.
The spectral spriggan berserker hits you!
You die...

♣♣♣..♣~...~~~..~
♣♣♣♣~.~.♣♣~.~~~.♣~ ~..
♣~...~~~....~§~.~~
~~~♣
♣.~~.~~~.......~~.
.~§~~♣
♣.~~~~~~~~...~♣♣♣~
.§§~..♣♣§.§~~~~§~...♣♣
♣.
~.~♣...♣♣♣♣~~~...†.♣
♣.
♣.Z.○♣♣°°♣~~~....~♣♣
♣♣
♣♣..~°tp○≈♣♣~.......♣
♣♣
♣♣.~~.♣ZZZ°Z♣.§.....~♣
♣~
♣.~..~.≈≈○§♣♣~~<~~~.♣♣
♣♣
~....~♣~♣♣♣♣.~..~~~.♣
~~~.~~..~...♣♣♣~...~♣
~~~~~~~~~♣♣♣♣ ♣♣♣.♣♣♣
§~~~~~...♣ ♣♣~.
~~~~....~~ .~~♣
.~~......~~ ~~...


You could see a ghost crab, a spectral death drake (summoned), 2 spectral
spriggan berserkers, a spectral spriggan air mage (summoned, heavy contam) and a
spectral fenstrider witch (summoned).

Vanquished Creatures
  A thorn hunter (Swamp:1)
  2 bunyips (Swamp:1)
  A catoblepas (Lair:1)
  3 hydras
  A boulder beetle (Lair:1)
  A death yak (Lair:2)
  A spriggan (Swamp:1)
  Amaemon (Lair:2)
  A goliath frog (Swamp:1)
  2 spriggan druids (Swamp:2)
  2 bog bodies
  Pikel (D:6)
  5 elephants (Lair:2)
  2 black mambas (Lair:2)
  An orange demon (Lair:2)
  5 cane toads
  A komodo dragon (Lair:2)
  5 tyrant leeches
  2 hornets
  A polar bear (Lair:2)
  5 blink frogs (Lair:2)
  2 wyverns
  19 yaks
  Grum (D:8)
  2 basilisks
  A warg (D:8)
  8 swamp worms
  6 water moccasins
  3 orc warriors (D:8)
  3 sky beasts
  An ogre (D:8)
  A lemure (D:6)
  A centaur (D:8)
  11 wolves
  A kobold brigand (D:6)
  2 bullfrogs
  A scorpion (Lair:2)
  8 wights
  An electric eel (Lair:2)
  A bombardier beetle (D:3)
  A howler monkey (D:8)
  3 orc priests
  5 hounds
  Jessica (D:2)
  An iguana (D:6)
  5 orc wizards
  A sleepcap (D:4)
  4 adders
  4 gnolls
  A white imp (D:8)
  2 ufetubi (D:6)
  2 dart slugs
  2 ribbon worms (D:2)
  39 orcs
  8 bats
  2 endoplasms (D:1)
  4 giant cockroaches
  4 goblins (D:1)
  10 hobgoblins
  6 jackals
  22 kobolds
  3 quokkas (D:1)
  3 ball pythons
  2 frilled lizards (D:1)
  6 rats
258 creatures vanquished.

Vanquished Creatures (collateral kills)
  A thorn hunter (Swamp:1)
  An eleionoma (Swamp:1)
  A black mamba (Lair:2)
  2 cane toads (Lair:2)
  3 komodo dragons
  2 rime drakes (Lair:2)
  2 hornets (Swamp:2)
  2 spriggans (Swamp:2)
  2 yaks (Lair:2)
  A basilisk (Lair:2)
  A steam dragon (D:7)
  3 swamp worms
  4 water moccasins (Lair:2)
  A wolf (Lair:2)
  4 bullfrogs
  A wight (D:8)
31 creatures vanquished.

Vanquished Creatures (others)
  3 bloated husks
  A water moccasin (Lair:1)
  A swamp drake (Swamp:2)
  A wolf (D:8)
  A centaur (D:8)
  A gnoll sergeant (D:5)
  18 jellies
  A bombardier beetle (D:7)
  An orc priest (D:8)
  3 iguanas
  4 orc wizards
  2 gnolls (D:5)
  2 adders
  A white imp (D:6)
  A dart slug (D:3)
  2 ribbon worms
  3 endoplasms
  2 orcs
  2 ball pythons (D:3)
  4 bats (D:3)
  3 goblins
  A hobgoblin (D:3)
  4 kobolds
62 creatures vanquished.

Grand Total: 351 creatures vanquished

Notes
Turn   | Place    | Note
-------+----------+-------------------------------------------
     0 | D:1      | Neol the Merfolk Shapeshifter began the quest for the Orb.
     0 | D:1      | Reached XP level 1. HP: 15/15 MP: 1/1
   135 | D:1      | Reached XP level 2. HP: 18/21 MP: 2/2
   304 | D:1      | Reached XP level 3. HP: 25/25 MP: 3/3
   311 | D:1      | Reached skill level 4 in Unarmed Combat
   686 | D:2      | Found a faded altar of an unknown god.
   692 | D:2      | Noticed Jessica
   709 | D:2      | Prayed at the altar of an unknown god.
   709 | D:2      | Became a worshipper of Jiyva Jial the Shapeless
   709 | D:2      | Reached * piety under Jiyva
   725 | D:2      | Killed Jessica
   726 | D:2      | Reached skill level 1 in Short Blades
   726 | D:2      | Reached XP level 4. HP: 19/32 MP: 4/4
   811 | D:2      | Reached skill level 1 in Stealth
   890 | D:2      | Reached skill level 5 in Shapeshifting
  1101 | D:2      | Reached ** piety under Jiyva
  1608 | D:3      | Reached XP level 5. HP: 35/37 MP: 5/5
  1838 | D:3      | Reached *** piety under Jiyva
  2597 | D:4      | Reached **** piety under Jiyva
  2616 | D:5      | Entered Level 5 of the Dungeon
  2623 | D:5      | Gained mutation: Your mind is acute. (Int +4, Str/Dex -1)
                  | [Jiyva's grace]
  2623 | D:5      | Gained mutation: Your mind is very acute. (Int +8, Str/Dex
                  | -2) [Jiyva's grace]
  2623 | D:5      | Gained mutation: You are covered in slimy tendrils that may
                  | disarm your opponents. [Jiyva's grace]
  2623 | D:5      | Gained mutation: Your muscles are strong. (Str +4, Int/Dex
                  | -1) [Jiyva's grace]
  2628 | D:5      | Noticed Eustachio
  2687 | D:5      | Slimified Eustachio
  2687 | D:5      | Eustachio changed into Eustachio the endoplasm
  2687 | D:5      | Noticed Eustachio
  2723 | D:5      | Reached XP level 6. HP: 34/44 MP: 6/6
  2756 | D:5      | Killed Eustachio the endoplasm
  2860 | D:5      | Found a staircase to the Ecumenical Temple.
  2869 | Temple   | Entered the Ecumenical Temple
  3155 | D:6      | Noticed Pikel
  3351 | D:6      | Reached XP level 7. HP: 49/51 MP: 7/7
  3448 | D:6      | Reached skill level 5 in Dodging
  3513 | D:6      | Killed Pikel
  3514 | D:6      | Reached XP level 8. HP: 60/60 MP: 8/8
  3725 | D:6      | Reached skill level 5 in Short Blades
  4003 | D:6      | Found Paph's Magic Scroll Shop.
  4430 | D:7      | Reached ***** piety under Jiyva
  5022 | D:8      | Reached XP level 9. HP: 35/62 MP: 9/9
  5041 | D:8      | Gained mutation: You are agile. (Dex +4, Str/Int -1)
                  | [Jiyva's grace]
  5041 | D:8      | Gained mutation: You are very agile. (Dex +8, Str/Int -2)
                  | [Jiyva's grace]
  5041 | D:8      | Gained mutation: Your muscles are very strong. (Str +8,
                  | Int/Dex -2) [Jiyva's grace]
  5041 | D:8      | Gained mutation: You are partially covered in iridescent
                  | scales. (AC +2) [Jiyva's grace]
  5047 | D:8      | Reached skill level 5 in Fighting
  5054 | D:8      | Reached skill level 1 in Polearms
  5117 | D:8      | Noticed Grum
  5139 | D:8      | Reached skill level 5 in Unarmed Combat
  5155 | D:8      | Killed Grum
  5275 | D:8      | Reached skill level 6 in Unarmed Combat
  5368 | D:8      | Noticed a hornet
  5383 | D:8      | Reached skill level 7 in Unarmed Combat
  5383 | D:8      | Reached XP level 10. HP: 76/76 MP: 10/10
  5411 | D:8      | Reached skill level 8 in Unarmed Combat
  5450 | D:8      | Found a sparkling altar of Nemelex Xobeh.
  5483 | D:8      | Found a staircase to the Lair.
  5704 | Lair:1   | Entered Level 1 of the Lair of Beasts
  5759 | Lair:1   | Noticed a catoblepas
  5782 | Lair:1   | Killed a catoblepas
  5783 | Lair:1   | Reached skill level 10 in Dodging
  5783 | Lair:1   | Reached skill level 9 in Unarmed Combat
  5853 | Lair:1   | Noticed a cane toad
  5863 | Lair:1   | Killed a cane toad
  5895 | Lair:1   | Reached skill level 10 in Shapeshifting
  6024 | Lair:1   | Reached skill level 10 in Unarmed Combat
  6139 | Lair:1   | Reached XP level 11. HP: 75/81 MP: 11/11
  6188 | Lair:1   | Noticed a boulder beetle
  6206 | Lair:1   | Killed a boulder beetle
  6281 | Lair:1   | Reached skill level 11 in Unarmed Combat
  6510 | Lair:2   | Noticed Amaemon
  6529 | Lair:2   | Killed Amaemon
  6589 | Lair:2   | Reached ****** piety under Jiyva
  6650 | Lair:2   | Noticed a four-headed hydra
  6676 | Lair:2   | Killed a four-headed hydra
  6677 | Lair:2   | Reached skill level 12 in Unarmed Combat
  6839 | Lair:2   | Reached XP level 12. HP: 79/89 MP: 12/12
  6956 | Lair:2   | Noticed a death yak
  6973 | Lair:2   | Killed a death yak
  6974 | Lair:2   | Reached skill level 13 in Unarmed Combat
  7140 | Lair:2   | Lost mutation: You are very agile. (Dex +8, Str/Int -2)
                  | [Jiyva's grace]
  7140 | Lair:2   | Lost mutation: Your mind is very acute. (Int +8, Str/Dex
                  | -2) [Jiyva's grace]
  7140 | Lair:2   | Gained mutation: You are mostly covered in iridescent
                  | scales. (AC +4) [Jiyva's grace]
  7140 | Lair:2   | Gained mutation: You are completely covered in iridescent
                  | scales. (AC +6) [Jiyva's grace]
  7140 | Lair:2   | Gained mutation: Armour fits poorly on your pseudopods.
                  | [Jiyva's grace]
  7140 | Lair:2   | Gained mutation: Armour fits poorly on your large
                  | pseudopods. [Jiyva's grace]
  7234 | Lair:2   | Reached skill level 14 in Unarmed Combat
  7472 | Lair:2   | Found a staircase to the Swamp.
  8000 | Swamp:1  | Entered Level 1 of the Swamp
  8001 | Swamp:1  | Noticed a bunyip
  8014 | Swamp:1  | Killed a bunyip
  8026 | Swamp:1  | Reached skill level 15 in Unarmed Combat
  8032 | Swamp:1  | Noticed an eleionoma
  8033 | Swamp:1  | Reached XP level 13. HP: 96/96 MP: 13/13
  8040 | Swamp:1  | Killed an eleionoma
  8058 | Swamp:1  | Noticed a thorn hunter
  8075 | Swamp:1  | Killed a thorn hunter
  8157 | Swamp:1  | Noticed a thorn hunter
  8165 | Swamp:1  | Killed a thorn hunter
  8262 | Swamp:1  | Noticed a bunyip
  8278 | Swamp:1  | Killed a bunyip
  8569 | Swamp:2  | Reached skill level 16 in Unarmed Combat
  8825 | Swamp:2  | Slain by a spectral spriggan berserker

Illustrated notes

Levels and vault maps discovered:
D:1:      dpeg_arrival_arbitrary_c, layout_basic, minmay_statues_item
D:2:      layout_basic, shapermc_ecumenical_altar_gd, uniq_jessica
D:3:      layout_basic, minmay_cupped
D:4:      layout_basic, minmay_gold_behind_fungi
D:5:      layout_rooms, minmay_temple_entry_gardened_gates, item_on_display_a,
          uniq_eustachio
D:6:      kennysheep_kobold_camp, layout_basic, serial_shops,
          nicolae_diamond_shop, uniq_pikel
D:7:      layout_loops_ring
D:8:      layout_rooms, mainiacjoe_overflow_paths, erik_lair_orcish_takeover,
          special_room [special_room_orc], uniq_grum
Temple:   cyrus_circular_temple
Lair:1:   layout_roguey, lemuel_fruit_tree, infiniplex_staircase_pool_2,
          serial_bayou_shore_b
Lair:2:   nzn_winding_woodlands_three_and_one [nzn_winding_woodlands_5x15_pool,
          nzn_winding_woodlands_5x15_twine, nzn_winding_woodlands_5x15_parted,
          nzn_winding_woodlands_center_pierced_h], layout_long_grid,
          nicolae_swamp_entry_splash_gauntlet, beast_lair_carwin_3, uniq_amaemon
Swamp:1:  layout_basic_swamp, hangedman_swamp_ruin_wall
Swamp:2:  layout_basic_swamp, evilmike_swamp_ruin_rubble_1, swamp_pool_3

Skill      XL: |  1  2  3  4  5  6  7  8  9 10 11 12 13 |
---------------+----------------------------------------+-----
Unarmed Combat | 4 7 10 12 15 16 | 16.4
Dodging        | 3 4 6 8 9 10 11 13 14 | 14.2
Short Blades   | 1 3 4 6 |  6.2
Stealth        | 1 2 3 4 |  4.2
Shapeshifting  | 5 6 7 8 10 11 12 | 12.0
Fighting       | 2 3 4 5 6 7 |  7.7
Polearms       | 2 |  2.4
Axes           | |  0.5
Throwing       | |  0.5

Action                     |  1- 3 |  4- 6 |  7- 9 | 10-12 | 13-15 || total
---------------------------+-------+-------+-------+-------+-------++-------
  Melee: Unarmed           |    23 |       |   193 |   406 |   126 ||   748
         Dagger            |    58 |   195 |   205 |       |       ||   458
         Punch             |       |     7 |     8 |       |       ||    15
         Hand axe          |       |       |    14 |       |       ||    14
         Halberd           |       |       |    11 |       |       ||    11
         Tailslap          |       |       |       |    21 |    20 ||    41
         Pseudopods        |       |       |       |    29 |    38 ||    67
  Throw: Stone             |       |     4 |     1 |       |       ||     5
 Invoke: Slimify           |       |     1 |       |       |       ||     1
    Use: Scroll            |       |     2 |     1 |       |       ||     3
   Stab: Sleeping          |       |     3 |     3 |     2 |       ||     8
 Armour: Animal skin       |    27 |   132 |    94 |       |       ||   253
         Skin              |       |       |    52 |   121 |    53 ||   226
  Dodge: Dodged            |    43 |   159 |   337 |   473 |   150 ||  1162
   Form: Flux              |       |       |     1 |       |       ||     1

Table legend: (Time is in decaauts)
 A = Elapsed time spent in this place.
 B = Non-inter-level travel time spent in this place.
 C = Inter-level travel time spent in this place.
 D = Time resting spent in this place.
 E = Time spent auto-exploring this place.
 F = Levels seen in this place.
 G = Mean time per level.
                   A        B        C        D        E       F      G
               +--------+--------+--------+--------+--------+-----+--------+
         Total |   8497 |   7300 |   1197 |    421 |   4768 |  13 |  653.6 |
       Dungeon |   5572 |   4737 |    835 |    260 |   3144 |   8 |  696.5 |
        Temple |     37 |      1 |     36 |      0 |      0 |   1 |   37.0 |
          Lair |   2204 |   1925 |    279 |    149 |   1233 |   2 | 1102.0 |
         Swamp |    683 |    636 |     47 |     12 |    390 |   2 |  341.5 |
               +--------+--------+--------+--------+--------+-----+--------+

Top non-repeatable levels by time:
  Lair:2: 1429 daAuts
     D:6: 1015 daAuts
  Lair:1: 774 daAuts
     D:3: 760 daAuts
     D:2: 734 daAuts
     D:5: 668 daAuts
     D:8: 668 daAuts
     D:1: 626 daAuts
     D:7: 613 daAuts
     D:4: 484 daAuts
 Swamp:1: 458 daAuts
 Swamp:2: 224 daAuts
  Temple: 37 daAuts
